[Event "FIDE Candidates 2026"]
[White "Praggnanandhaa R"]
[Black "Caruana,Fabiano"]
[Site "Agios Georgios Pegeia"]
[Round "7.2"]
[Annotator "TA"]
[Result "1/2-1/2"]
[Date "2026.04.05"]
[WhiteElo "2741"]
[BlackElo "2795"]
[PlyCount "75"]
[TimeControl "60"]

1. d4 d5 2. c4 c6 3. Nf3 Nf6 4. Nc3 dxc4 5. a4 Bf5 6. Ne5 Qc7 {[%emt 0:0:12] D17: Slav Defence: 5 a4 Bf5: Lines with 6 Nh4 and 6 Ne5.} 7. Nxc4 Na6 (7... Nbd7 $1 $11 )8. f3 $14 Rd8 {[%emt 0:0:17] White is slightly better.} 9. e4 Be6 10. Ne5 Nb4 11. Be3 a5 12. Bc4 $146 ({Predecessor:} 12. Rc1 g6 13. f4 Bg7 14. Be2 O-O 15. O-O Nd7 16. Nf3 Nc5 17. d5 b6 18. dxe6 Rxd1 19. exf7+ {½-½ Kaufman,D (2447)-Atalik,S (2438) Pozarevac Rudar GM 08 2025 (6)} )Nd7 13. Bxe6 Nxe5 {[%emt 0:0:16] [#]} 14. O-O $1 fxe6 15. Bf4 Nbd3 16. Qxd3 Nxd3 17. Bxc7 Rxd4 18. Rfd1 Rd7 19. Bxa5 g6 20. Ne2 Bg7 21. Bc3 Bxc3 22. Nxc3 Kf7 23. a5 Rhd8 24. a6 bxa6 25. Rxa6 Rd6 26. h4 Rb8 27. Rd2 h6 28. Nd1 $1 {[%emt 0:2:59] The position is equal.} g5 29. h5 Ne5 30. Rxd6 exd6 $11 {[%emt 0:0:3][%mdl 4096] Endgame KRN-KRN} 31. Ra7+ Kf8 32. Kf1 ({Don't go for} 32. Rh7 $2 Nf7 33. Kf2 Kg8 34. Rxf7 Kxf7 $19 )d5 33. exd5 cxd5 34. Ra6 Ke7 35. Ra7+ Kf8 36. Ra6 Ke7 37. Ra7+ Kf8 38. Ra6 {[%emt 0:1:23] Weighted Error Value: White=0.06 (flawless) /Black=0.06 (flawless)   Mistake:       	---       	Black=1      Inaccurate:     	White=3     	---        OK:         	White=13    	Black=5      Best:        	White=1     	---        Strong:       	White=1     	---} 1/2-1/2

[Event "FIDE Candidates 2026"]
[White "Bluebaum,Matthias"]
[Black "Nakamura,Hikaru"]
[Site "Agios Georgios Pegeia"]
[Round "7.3"]
[Annotator "TA"]
[Result "1/2-1/2"]
[Date "2026.04.05"]
[WhiteElo "2698"]
[BlackElo "2810"]
[PlyCount "80"]
[TimeControl "60"]

1. d4 d5 2. c4 e6 3. Nf3 Nf6 4. Nc3 h6 5. a3 c6 6. e3 Nbd7 7. Bd3 Bd6 8. e4 dxe4 9. Nxe4 Nxe4 10. Bxe4 O-O 11. O-O e5 {[%emt 0:0:4] D46: Semi-Slav: 5 e3 Nbd7 6 Bd3, Black avoids the Meran.} 12. Bc2 Bc7 13. Re1 exd4 14. Qxd4 Ne5 15. Qe4 {[%emt 0:0:15][%csl Gc2][%cal Re4h7] [#]} Nxf3+ 16. Kh1 $146 ({Predecessor:} 16. Qxf3 Qh4 17. h3 f5 18. b4 Bd7 19. Bb2 Rae8 20. c5 Qf4 21. Bb3+ Kh7 22. Qxf4 Bxf4 {1-0 Aradhya,G (2202)-Ghosh,D (2469) IND-ch Rapid 2025 (5)} )g6 17. Qxf3 Qh4 18. h3 {[%emt 0:2:19] Active counter play!} Bd7 19. Be3 Rfe8 20. Rad1 Rad8 21. Bxa7 Qxc4 ({Better is} 21... Rxe1+ $11 22. Rxe1 Be6 (22... Qxc4 23. Bb6 $16 ))22. Bb6 $14 Rxe1+ 23. Rxe1 Qxc2 24. Bxc7 Re8 25. Rxe8+ Bxe8 {[%emt 0:0:1][%mdl 4096] Endgame KQB-KQB} 26. Be5 {[%emt 0:4:32] Repels Qxb2} Qb1+ 27. Kh2 Qf5 28. Qe3 Qe6 29. Qd4 g5 30. Bh8 {[%emt 0:3:16][%csl Gh8][%cal Rd4g7] [#]} Kf8 31. f4 gxf4 32. Qxf4 Ke7 {[%emt 0:0:27] Inhibits Bf6+.} 33. Bg7 h5 34. Bc3 Kd7 35. Kh1 b5 36. Ba5 Qd5 37. Qb8 Qd1+ {[%emt 0:0:6] The position is equal.} 38. Kh2 Qd6+ 39. Qxd6+ Kxd6 40. Kg3 f6 {[%emt 0:0:0] Weighted Error Value: White=0.06 (flawless) /Black=0.05 (flawless)   Mistake:       	---       	Black=1      Inaccurate:     	White=2     	Black=1      OK:         	White=1     	Black=3} 1/2-1/2

[Event "FIDE Candidates 2026"]
[White "Esipenko,Andrey"]
[Black "Wei,Yi"]
[Site "Agios Georgios Pegeia"]
[Round "7.4"]
[Annotator "TA"]
[Result "0-1"]
[Date "2026.04.05"]
[WhiteElo "2698"]
[BlackElo "2754"]
[PlyCount "60"]
[TimeControl "60"]

1. e4 e5 2. Nf3 Nf6 3. d4 (3. Nxe5 d6 4. Nf3 Nxe4 5. Nc3 Nxc3 6. dxc3 Be7 7. Bf4 Nc6 8. Qd2 Be6 9. O-O-O Qd7 10. Be2 O-O-O 11. Ng5 Bxg5 12. Bxg5 f6 13. Be3 h5 14. b3 Qf7 15. Bb5 Bd7 16. Rhe1 Rhe8 17. Kb2 a6 18. Bf1 {½-½ Esipenko,A (2681)-Wei,Y (2753) FIDE World Cup 2025 (7.2)} )Nxe4 4. Qe2 d5 5. Nxe5 Be7 6. f3 {[%emt 0:0:41] C43: Petroff Defence: 3 d4.} Nd6 7. Nc3 Nf5 $146 ({Predecessor:} 7... c6 8. Bf4 O-O 9. O-O-O Nd7 10. Nd3 a5 11. h4 b5 12. a3 Nc4 13. Qe1 b4 14. axb4 axb4 {0-1 Nguyen Thanh Tra,M-Dam,T VIE-ch U17 Girls 2005 (9)} )8. Qf2 {[%emt 0:1:0] The position is symmetric and equal. The position is equal.} O-O {[%emt 0:4:50][%cal Oc7c5] ...c5! would now be deadly.} 9. Bf4 f6 10. Nd3 Nc6 11. Ne2 $1 Nb4 12. Nxb4 Bxb4+ 13. c3 Bd6 14. Bd2 (14. O-O-O $11 )Qe8 $15 15. Kd1 Qa4+ 16. Kc1 b5 {[%emt 0:18:9] Black has more active pieces. The white rooks are passive.} 17. Nf4 c5 18. Bd3 cxd4 19. Bc2 Qa6 20. cxd4 Bd7 21. Kb1 Rac8 22. Bd3 Rc4 23. Ne2 {[%emt 0:1:34][%cal Oa2a3] [#]} Ne7 $1 24. g4 (24. a3 Qb6 )Rfc8 25. h4 b4 $40 {[%emt 0:2:4][%mdl 128] White is in trouble.} 26. b3 $2 {[%emt 0:9:8] This costs White the game.} (26. Bf4 $17 {was the only chance.} )Bb5 $19 27. bxc4 {[%emt 0:4:29] [#]} (27. Qe3 R4c7 28. Bxb5 Qxb5 29. a4 bxa3 30. Rc1 )Bxc4 28. Bc2 Bd3 29. Bc3 bxc3 30. Nc1 Rb8+ {[%emt 0:0:3] Weighted Error Value: White=0.66/Black=0.05 (flawless)   Loses game:     	White=1     	---        Mistake:       	White=2     	---        Inaccurate:     	White=1     	Black=1      OK:         	White=4     	Black=6      Best:        	White=1     	Black=1      Strong:       	White=1     	---} 0-1

[Event "FIDE Candidates 2026"]
[White "Esipenko,Andrey"]
[Black "Sindarov,Javokhir"]
[Site "Agios Georgios Pegeia"]
[Round "8.1"]
[Annotator "TA"]
[Result "1/2-1/2"]
[Date "2026.04.07"]
[WhiteElo "2698"]
[BlackElo "2745"]
[PlyCount "48"]
[TimeControl "60"]

1. c4 e6 2. g3 d5 3. Bg2 Nf6 4. Nf3 Bd6 5. O-O O-O 6. d4 Nc6 {[%emt 0:0:7] D02: 1 d4 d5 2 Nf3 sidelines, including 2...Nf6 3 g3 and 2...Nf6 3 Bf4.} 7. e3 Re8 8. Nbd2 a5 $146 {[%emt 0:0:57][%cal Ba7a5,Ba5a4][%mdl 32] White is slightly better.} ({Predecessor:} 8... b6 9. b3 Qe7 10. a3 a5 11. Bb2 Bb7 12. Qc2 h6 13. Rfc1 Qd8 14. Ne5 Ne7 {1-0 Fischer,S (1927)-Frenzel,L (1609) GER OS-518 email 2024} )9. b3 a4 10. Bb2 Bb4 11. a3 Bxd2 12. Nxd2 axb3 13. Qxb3 Na5 14. Qc2 Bd7 15. Rfc1 dxc4 16. Nxc4 Bc6 17. Nxa5 Bxg2 18. Kxg2 Qd5+ 19. Kg1 Rxa5 20. Qxc7 h5 21. Qe5 ({Better is} 21. Bc3 $16 Raa8 22. Be1 )Qd8 $11 22. Qc7 (22. Rc8 $11 Qxc8 23. Qxa5 )Qd5 $14 23. Qe5 (23. Bc3 $14 Raa8 24. Be1 )Qd8 $1 $11 24. Qc7 Qd5 {[%emt 0:0:5] Weighted Error Value: White=0.14 (very precise) /Black=0.05 (flawless)   Mistake:       	White=3     	---        Inaccurate:     	---       	Black=2      OK:         	White=5     	Black=2      Best:        	---       	Black=2      Strong:       	---       	Black=1} 1/2-1/2

[Event "FIDE Candidates 2026"]
[White "Nakamura,Hikaru"]
[Black "Caruana,Fabiano"]
[Site "Agios Georgios Pegeia"]
[Round "8.2"]
[Annotator "TA"]
[Result "1-0"]
[Date "2026.04.07"]
[WhiteElo "2810"]
[BlackElo "2795"]
[PlyCount "133"]
[TimeControl "60"]

1. c4 c5 2. Nf3 Nc6 3. d4 cxd4 4. Nxd4 Nf6 5. Nc3 e6 6. Bf4 d5 7. cxd5 {[%emt 0:0:34] A33: Symmetrical English: 2 Nf3 Nf6 3 d4 cxd4 4 Nxd4 e6 5 Nc3 Nc6.} Nxd5 8. Nxc6 bxc6 9. Bd2 {[%emt 0:0:7] The position is equal.} Bb4 10. Qa4 $5 {[%emt 0:2:7][%mdl 4] An interesting side line.} a5 $146 ({Predecessor:} 10... Rb8 11. e4 Nxc3 12. bxc3 Ba5 13. Rd1 O-O 14. Be2 Qc7 15. O-O Bb7 16. g3 Rbd8 17. Qc4 Bb6 {½-½ Artemiev,V (2700)-Grischuk,A (2742) RUS-chT 29th 2022 (7.4)} )11. e4 Nxc3 12. bxc3 Be7 13. Be2 O-O 14. Bf4 Ba6 15. Bxa6 Rxa6 16. Rd1 Qb6 17. O-O Qb5 18. Qc2 Bc5 19. c4 Qb7 20. Be5 Qe7 21. Qd3 f6 22. Bd6 Bxd6 23. Qxd6 Qxd6 24. Rxd6 $14 {[%emt 0:0:2][%mdl 4096] Endgame KRR-KRR} Rb8 {[%emt 0:0:10] Dodges Rb1} 25. Rxe6 Rb2 26. Re7 Rab6 27. Ra7 Rxa2 28. h3 h5 (28... Rd2 $14 )29. Rd1 $16 Rbb2 30. Rd8+ Kh7 31. Rdd7 Rxf2 32. Rxg7+ Kh8 33. Rh7+ Kg8 34. Rag7+ ({Stronger than} 34. Rxh5 Rxg2+ 35. Kh1 Rge2 )Kf8 35. Rf7+ Kg8 36. Rhg7+ Kh8 37. Rg6 Rf4 (37... Rfc2 $16 {keeps fighting.} 38. Rfxf6 Rxc4 39. Rxc6 Rxc6 40. Rxc6 Kg7 )38. Rfxf6 $18 Rxf6 39. Rxf6 {[%emt 0:0:2] KR-KR. White is a pawn up.} Kg7 40. Rxc6 Rc2 (40... a4 $142 41. Ra6 Kf8 )41. Rc5 Kg6 42. Rxa5 Rxc4 43. Re5 h4 $2 {[%emt 0:0:32] [#]} (43... Kf6 44. Rxh5 Rxe4 )44. Kf2 Rc2+ 45. Kf3 Rc3+ 46. Kg4 Rg3+ 47. Kxh4 Rxg2 48. Rf5 Rg1 49. Rf4 (49. Rb5 $18 )Ra1 $2 {[%emt 0:0:21][%mdl 8192] Loses the game.} (49... Rb1 $14 50. Kg3 Rg1+ 51. Kf3 Rf1+ 52. Kg3 Rg1+ )50. Kg3 Rg1+ 51. Kf3 Rf1+ 52. Ke3 Re1+ 53. Kd4 Ra1 54. Rf5 Rh1 55. Rf3 Ra1 56. h4 Ra4+ 57. Ke5 Ra5+ 58. Kf4 Rh5 59. Kg4 {[%emt 0:2:42][%cal Of3f6] [#] Threatening mate with Rf6+!.} Re5 60. Rf4 {[%emt 0:0:5] White is clearly winning.} Kh6 61. Kf3 Kg6 62. Ke3 Ra5 63. Rg4+ Kf6 64. Rg5 Ra1 65. Rf5+ Kg6 66. h5+ Kh6 67. e5 {[%emt 0:0:56] Weighted Error Value: White=0.04 (flawless) /Black=0.50   Mistake:       	---       	Black=4      OK:         	White=4     	Black=2} 1-0

[Event "FIDE Candidates 2026"]
[White "Giri,Anish"]
[Black "Praggnanandhaa R"]
[Site "Agios Georgios Pegeia"]
[Round "8.3"]
[Annotator "TA"]
[Result "1-0"]
[Date "2026.04.07"]
[WhiteElo "2753"]
[BlackElo "2741"]
[PlyCount "87"]
[TimeControl "60"]

1. d4 Nf6 2. c4 e6 3. Nf3 d5 4. Nc3 dxc4 5. e4 b5 6. e5 $1 $14 {[%emt 0:0:27] D24: Queen's Gambit Accepted: 3 Nf3 Nf6 4 Nc3.} Nd5 7. Nxb5 Nb6 8. Be2 {[%emt 0:0:18] White is slightly better.} Be7 9. O-O O-O 10. a4 $5 {[%emt 0:3:38][%csl Oa7,Oc4,Oc7][%mdl 4] Black has weak pawns A promising side line.} Ba6 11. Na3 $146 ({Predecessor:} 11. b3 cxb3 12. Qxb3 c6 13. Nc3 Bxe2 14. Nxe2 N8d7 15. Nf4 Nd5 16. Nxd5 cxd5 17. a5 {1-0 Tilicheev,V (2540)-Lagunow,R (2428) Pfalz op 10th 2019 (5)} )c5 12. a5 Nd5 13. Bxc4 Qxa5 (13... Bxc4 $11 14. Nxc4 Nc6 )14. Nc2 Qb6 15. Bxd5 exd5 16. Re1 Bb7 17. Bg5 Bxg5 18. Nxg5 h6 19. dxc5 {[%emt 0:13:59][%csl Oc5] White has a strong passed pawn} Qxc5 20. Nf3 Nc6 21. Ncd4 Nxd4 22. Nxd4 ({Much weaker is} 22. Qxd4 Rfc8 $11 )Bc8 23. Qd2 {[%emt 0:9:14] White is much more active. The black rooks are passive.} Rb8 24. Rec1 Qb6 25. b3 Bd7 {[%emt 0:1:37] Dodges Rc6} 26. h3 Rfc8 27. Rd1 Rc5 28. Kh2 a5 29. f4 f6 30. Re1 Re8 31. Re2 fxe5 32. fxe5 Qc7 33. Rae1 a4 34. bxa4 Bxa4 35. Kh1 Qf7 (35... Bb5 $14 36. Re3 Ba4 )36. e6 $16 Qg6 37. Rf2 Rc4 38. Rf4 h5 $2 {[%emt 0:1:41][%mdl 8192] [#] This move loses the game for Black.} (38... Kh7 $16 39. e7 Qg5 )39. Qf2 $18 {[%emt 0:1:58] White is clearly winning.} Bc2 40. e7 Be4 41. Rf8+ Kh7 42. Rxe8 Qxe8 43. Rxe4 dxe4 44. Qf5+ {[%emt 0:3:34] Weighted Error Value: White=0.13 (very precise) /Black=0.32   Loses game:     	---       	Black=1      Mistake:       	---       	Black=2      Inaccurate:     	---       	Black=3      OK:         	White=8     	Black=4      Best:        	---       	Black=1} 1-0

[Event "FIDE Candidates 2026"]
[White "Wei,Yi"]
[Black "Bluebaum,Matthias"]
[Site "Agios Georgios Pegeia"]
[Round "8.4"]
[Annotator "TA"]
[Result "1/2-1/2"]
[Date "2026.04.07"]
[WhiteElo "2754"]
[BlackElo "2698"]
[PlyCount "103"]
[TimeControl "60"]

1. e4 e5 2. Nc3 Nf6 3. Bc4 Nc6 4. d3 Bb4 5. Nf3 d5 6. exd5 Nxd5 7. O-O Bxc3 8. bxc3 Bg4 9. Re1 O-O 10. Bd2 Bh5 $146 {[%emt 0:0:47] C28: Vienna Game: 2...Nf6 3 Bc4 Nc6.} ({Predecessor:} 10... Qd6 11. Rb1 Bh5 12. h3 Rad8 13. g4 Bg6 14. Nh4 Nb6 15. Bb3 Na5 16. Nxg6 hxg6 17. Qf3 c6 18. c4 Nxb3 19. Rxb3 {1-0 Aronian,L (2745)-Giri,A (2768) Warsaw Superbet Rapid 2023 (3)} )11. a4 Kh8 12. a5 Rb8 13. Bb5 Nde7 14. Ra4 Qd5 15. Bc4 Qd6 16. Bc1 f6 ({Black should try} 16... f5 $11 17. Qe2 b5 18. axb6 axb6 )17. Ba3 $14 Qd7 18. Bb5 (18. Bb3 $14 )Rfd8 19. Rh4 (19. Bxe7 $11 {remains equal.} Qxe7 20. Bxc6 bxc6 21. Rh4 )Bf7 (19... Qf5 $17 20. a6 Nd5 )20. Bxe7 Qxe7 21. d4 Bg6 22. a6 Qd6 23. Bd3 Bxd3 24. Qxd3 h6 {[%emt 0:0:3] Successful Defense Black} 25. axb7 Rxb7 26. g4 Kg8 27. Rh5 Qd7 (27... Qd5 $11 )28. h3 (28. dxe5 $2 Qxg4+ 29. Kh1 Rxd3 $19 )(28. Qg6 $14 Qd5 (28... Ne7 $2 29. Qe4 $18 )29. Kg2 )Qf7 (28... a5 $11 )29. Qe4 Qd5 30. Qe2 Re8 31. c4 Qf7 32. Qe4 ({Better is} 32. dxe5 $14 Nxe5 33. Nxe5 Rxe5 34. Rxe5 fxe5 35. Qxe5 )Qxc4 $11 {[%emt 0:2:34] The position is equal.} 33. Rxh6 gxh6 34. Qg6+ Kf8 35. Qxf6+ (35. Qxh6+ $6 Ke7 36. dxe5 Kd7 (36... Qxc2 $2 37. exf6+ Kd7 38. Qg7+ Kd6 39. f7 $18 )37. Rd1+ Kc8 38. exf6 Rb6 $17 (38... Qxc2 39. Rd2 $17 ))Kg8 36. Qg6+ (36. Qxh6 Re7 37. Qg6+ (37. dxe5 Qxc2 38. e6 Rb8 $19 )Kf8 38. Qf6+ (38. dxe5 Qe6 $17 )Ke8 39. dxe5 Rf7 $17 (39... Qxc2 40. e6 $17 ))Kf8 37. Qf6+ (37. dxe5 $6 Re6 38. Qf5+ Ke8 $17 )Kg8 38. Qg6+ (38. Qxh6 $6 Re7 39. Qg6+ (39. dxe5 $2 {loses.} Qe6 $19 )Kf8 40. Qf6+ (40. dxe5 Qe6 $19 )Ke8 41. dxe5 Rf7 $15 (41... Qxc2 42. e6 $11 ))Kf8 39. Qxh6+ ({Much worse is} 39. dxe5 $6 Re6 40. Qf5+ Ke8 $19 )Kg8 40. Qg6+ Kf8 41. Qf6+ Kg8 42. Ng5 {[%emt 0:0:24] Chess con chili.} Nxd4 43. Qg6+ Kf8 44. Qf6+ Kg8 45. Qg6+ Kf8 46. Qh6+ Ke7 47. Rxe5+ Kd8 48. Qf6+ Kd7 49. Qg7+ Kd8 50. Qf6+ Kd7 51. Qg7+ Kd8 52. Qf6+ {[%emt 0:0:22] Weighted Error Value: White=0.11 (very precise) /Black=0.15 (very precise)   Mistake:       	White=4     	Black=4      OK:         	White=18    	Black=4      Best:        	White=2     	Black=17} 1/2-1/2

[Event "FIDE Candidates 2026"]
[White "Bluebaum,Matthias"]
[Black "Sindarov,Javokhir"]
[Site "Agios Georgios Pegeia"]
[Round "9.1"]
[Annotator "TA"]
[Result "1/2-1/2"]
[Date "2026.04.08"]
[WhiteElo "2698"]
[BlackElo "2745"]
[PlyCount "119"]
[TimeControl "60"]

1. d4 d5 2. c4 e6 3. Nf3 Nf6 4. Nc3 Be7 5. Bf4 dxc4 6. e4 {[%emt 0:4:10] Against Nd5. D37: Queen's Gambit Declined: 5 Bf4.} b5 7. Nxb5 Bb4+ 8. Bd2 {[%emt 0:8:45] White is slightly better.} Bxd2+ 9. Nxd2 O-O $146 (9... Ba6 $14 10. Bxc4 Bxb5 11. Bxb5+ c6 )({Predecessor:} 9... a6 10. Nc3 Qxd4 11. Nxc4 e5 12. f3 Be6 13. Qa4+ Nfd7 14. Rd1 Qc5 15. Nd5 O-O {1-0 Lubbe,N (2500)-Fries Nielsen,J (2375) Fredericia 2016 (4)} )10. Bxc4 {[%emt 0:6:23] White is more active.} ({Much worse is} 10. Nxc4 $6 Nxe4 11. Bd3 Bb7 $11 )(10. e5 $16 Nd5 11. Bxc4 )a6 $14 11. Nc3 Qxd4 12. Qe2 Bb7 13. O-O-O Qb6 14. f4 Nbd7 15. g4 (15. Bd3 $11 )Nc5 $15 16. g5 Ne8 17. Bb3 Nd6 18. Bc2 a5 (18... Rab8 $17 19. Nb3 Nb5 20. Nxb5 Nxb3+ (20... axb5 21. Nxc5 Qxc5 22. Kb1 $11 )21. Bxb3 axb5 (21... Qxb5 22. Rhe1 $14 ))19. Nc4 (19. Rhe1 $11 )Nxc4 20. Qxc4 Rfb8 21. Qd4 Bc6 22. b3 a4 23. Nxa4 (23. b4 $17 Qxb4 24. Qxb4 Rxb4 25. Rhe1 )Nxa4 $19 24. bxa4 Bxa4 25. Qxb6 $15 cxb6 26. Bb3 Bxb3 27. axb3 {[%emt 0:0:2][%mdl 4096] Endgame KRR-KRR} Ra2 28. Kb1 Rba8 29. f5 exf5 30. exf5 R2a5 31. Rhf1 g6 32. fxg6 {[%emt 0:0:54] The position is equal.} hxg6 33. h4 Ra2 34. Rd8+ Rxd8 35. Kxa2 $11 {[%emt 0:0:3] KR-KR} Rd4 36. Rh1 b5 37. Kb2 b4 38. Kc2 Kg7 39. Rh2 f5 40. gxf6+ Kxf6 41. Rh1 Kf7 42. Rh2 Kg8 43. h5 g5 44. h6 Rh4 45. Rg2 g4 46. Kd3 Kh7 47. Ke4 Kxh6 48. Kf5 Rh5+ 49. Kf4 Rh3 50. Kxg4 Rxb3 51. Kf4 Rc3 52. Rb2 b3 53. Ke4 Rc4+ 54. Kd3 Rb4 55. Kc3 Rb8 56. Rb1 b2 57. Kc2 Rc8+ 58. Kxb2 Rb8+ 59. Kc2 Rxb1 60. Kxb1 {[%emt 0:0:2] Weighted Error Value: White=0.12 (very precise) /Black=0.10 (very precise)   Mistake:       	White=4     	Black=3      Inaccurate:     	White=2     	Black=1      OK:         	White=7     	Black=9      Best:        	White=2     	---} 1/2-1/2

[Event "FIDE Candidates 2026"]
[White "Caruana,Fabiano"]
[Black "Giri,Anish"]
[Site "Agios Georgios Pegeia"]
[Round "9.2"]
[Annotator "TA"]
[Result "0-1"]
[Date "2026.04.08"]
[WhiteElo "2795"]
[BlackElo "2753"]
[PlyCount "86"]
[TimeControl "60"]

1. e4 e5 2. Nf3 Nc6 3. Bc4 Bc5 4. O-O Nf6 5. d3 O-O 6. Nbd2 d6 7. c3 a5 {[%emt 0:0:46] C54: Giuoco Piano: 4 c3 Nf6, main lines with 5 d4 and 5 d3.} 8. h3 Be6 9. Bb5 Ba7 $1 {[%emt 0:0:21][%mdl 4] The position is equal. is recently more successful than 9...h6.} 10. Re1 Ne7 11. d4 Ng6 12. Bd3 Nh5 13. Nf1 Nhf4 14. Ng3 Nxd3 $146 ({Predecessor:} 14... exd4 15. cxd4 Nxd3 16. Qxd3 d5 17. e5 f6 18. exf6 Qxf6 19. Bg5 Qf7 20. Kh2 c6 {½-½ Sklokin,S (2329)-Lu,M (2441) Budapest One Week GM-A 12 2024 (6)} )15. Qxd3 a4 16. d5 Bd7 17. Bg5 f6 18. Be3 Bxe3 19. fxe3 b5 20. b4 axb3 21. axb3 Qb8 22. c4 Qb6 23. Nf5 Rfe8 24. N3h4 b4 25. Kh2 Ra3 26. Rab1 Ra2 27. Qd1 Nxh4 28. Nxh4 Rea8 {[%emt 0:0:9] Black has more active pieces.} 29. Re2 Qa7 30. Rc1 Qb6 (30... Ra5 $15 )31. Nf3 (31. Rb1 $1 $11 )h6 32. Ne1 Kh7 33. Rxa2 Rxa2 34. Nc2 {[%emt 0:0:5] [#]} Be8 $1 35. Qd3 Bg6 36. Ra1 Rxa1 (36... Rb2 $142 37. Ra4 c5 )37. Nxa1 $17 {[%emt 0:0:3][%mdl 4096] Endgame KQB-KQN} c5 38. Kg3 $2 {[%emt 0:1:40] This costs White the game.} (38. dxc6 $17 Qxc6 39. Nc2 )Qa7 39. Qb1 h5 40. Kf3 h4 41. Kg4 Qe7 42. Qd3 $2 {[%emt 0:0:5] [#]} (42. Kf3 $19 )f5+ 43. exf5 Kh6 {[%emt 0:0:16] Weighted Error Value: White=0.36/Black=0.06 (flawless)   Loses game:     	White=1     	---        Mistake:       	White=2     	Black=2      Inaccurate:     	White=1     	---        OK:         	White=4     	Black=13     Strong:       	---       	Black=1} 0-1

[Event "FIDE Candidates 2026"]
[White "Praggnanandhaa R"]
[Black "Wei,Yi"]
[Site "Agios Georgios Pegeia"]
[Round "9.3"]
[Annotator "TA"]
[Result "1/2-1/2"]
[Date "2026.04.08"]
[WhiteElo "2741"]
[BlackElo "2754"]
[PlyCount "111"]
[TimeControl "60"]

1. d4 Nf6 2. c4 e6 3. Nf3 d5 4. Nc3 c5 5. Bg5 cxd4 6. Nxd4 dxc4 7. e3 Be7 8. Bxc4 O-O 9. O-O Bd7 {[%emt 0:0:38] D50: Queen's Gambit Declined: Dutch-Peruvian Gambit.} 10. Nf3 Nc6 11. e4 Rc8 $146 ({Predecessor:} 11... e5 12. h3 Rc8 13. a3 a6 14. Rc1 b5 15. Bb3 Rb8 16. Be3 b4 17. axb4 Bxb4 {1-0 Iniyan,P (2586)-Harika,D (2487) Chennai Quantbox-B 2025 (2)} )12. Qe2 Ng4 13. Bf4 Bf6 14. Bd6 Re8 15. Rad1 Nge5 16. Nxe5 Bxe5 17. Bb3 Qb6 18. Bxe5 Nxe5 19. Kh1 Rcd8 20. Qh5 Nc6 21. e5 Qb4 {[%emt 0:10:34] Repels Ne4} 22. Rd3 Qf4 (22... Rf8 $11 )23. Rf3 $14 Qxe5 24. Qxf7+ Kh8 25. Rd1 Bc8 {[%emt 0:0:58] [#] ( -> ...Rxd1+)} 26. h3 Rxd1+ 27. Nxd1 Rg8 28. Re3 Qd6 29. Nc3 $40 {[%emt 0:5:11][%cal Bd1c3,Bc3e4,Be4d6][%mdl 160] White has strong attack. White is much more active.} (29. Bxe6 $2 Qxd1+ 30. Kh2 Qd6+ 31. Kg1 Rf8 $19 )Nd4 ({Better is} 29... Qd8 )30. Ne4 $16 Qe5 (30... Qf8 $16 31. Ng5 Qc5 )31. f4 $18 Qf5 32. Nd6 Qc5 33. Qe7 (33. Nxb7 $2 Qc1+ $19 )(33. Nc4 b5 34. Re5 Qb4 $17 )Qc1+ 34. Kh2 h6 35. Re4 Nxb3 36. axb3 Kh7 37. Rc4 Qd2 38. Qc7 ({Stronger than} 38. Rxc8 Qxf4+ 39. Kh1 Rxc8 40. Nxc8 Qc1+ 41. Kh2 Qxc8 $17 )(38. Nxc8 $142 Rxc8 39. Rxc8 Qxf4+ 40. Kg1 Qe3+ 41. Kf1 Qd3+ 42. Ke1 Qe4+ 43. Kd2 )b5 39. Re4 (39. Nxb5 Ba6 40. Rc2 Qd1 41. Nxa7 Bb7 $11 )Qd3 (39... Ba6 $16 )40. Re1 Qd2 41. Rf1 Ba6 {[%emt 0:19:3] [#]} 42. Qc6 $2 (42. b4 $1 $18 )Rd8 $11 43. Nf7 {[%emt 0:1:12] The position is equal.} (43. Nxb5 $2 Qe2 44. Qc4 Bxb5 $19 )Rd7 44. Qe4+ (44. Qxe6 $2 Bb7 45. Qf5+ g6 46. Ng5+ hxg5 47. Qxg5 Be4 $19 (47... Qxb2 48. Re1 $15 ))g6 45. f5 exf5 46. Qe8 Qd4 {[%emt 0:0:13] Prevents Qh8+} 47. Rf3 Rc7 48. Ne5 Rg7 49. Nf7 {[%emt 0:0:35] Prevents Qe4} Rg8 50. Qe7 {[%emt 0:0:5][%mdl 1024] White has compensation.} Qg7 51. Rd3 Bc8 {[%emt 0:0:59] Prevents Rd7.} (51... Rf8 $5 52. Rd7 $8 (52. Qxa7 $2 Bc8 $19 )Kg8 53. Rxa7 Rxf7 54. Qe8+ Qf8 55. Qxf8+ Kxf8 56. Rxa6 Kg7 $11 )52. Rc3 (52. Qxa7 $2 Be6 (52... Qxb2 53. Ng5+ Kh8 54. Qh7# )(52... Rf8 $2 53. Qc5 $19 )53. Qc5 Bxf7 $19 )Rf8 53. Rc7 {[%emt 0:0:14][%cal Of7g5] Threatening mate with Ng5+!.} (53. Qxa7 $2 {is the wrong capture.} Rxf7 54. Qc5 Bb7 $19 )Kg8 54. Nd6 Qxe7 55. Rxe7 a6 56. Nxc8 {[%emt 0:0:45] Black escapes into a draw.   Weighted Error Value: White=0.20 (precise) /Black=0.16 (very precise)   Loses game:     	---       	Black=1      Missed win:     	White=1     	---        Mistake:       	White=1     	Black=3      Inaccurate:     	White=5     	Black=2      OK:         	White=2     	Black=4} 1/2-1/2